 Dungeon Crawl Stone Soup version 0.28-a0-577-gb193047a1f (webtiles) character file.

Game seed: 2611950835426499019

30 varam the Chopper (level 3, -6/33 HPs)
             Began as a Hill Orc Cinder Acolyte on Oct 1, 2021.
             Was an Elder of Ignis.
             Engulfed by a cloud of flame (9 damage)
             ... on level 3 of the Dungeon.
             The game lasted 00:03:55 (995 turns).

varam the Chopper (Hill Orc Cinder Acolyte)          Turns: 995, Time: 00:03:56

Health: -6/33      AC:  2    Str: 16    XL:     3   Next: 18%
Magic:  4/4        EV: 11    Int: 14    God:    Ignis [****..]
Gold:   53         SH:  0    Dex:  7    Spells: 4/4 levels left

rFire   + . .      SeeInvis .   a - -1 hand axe (flame)
rCold   . . .      Faith    .   (no shield)
rNeg    . . .      Spirit   .   b - +0 robe
rPois   .          Reflect  .   (no helmet)
rElec   .          Harm     .   (no cloak)
rCorr   .          Rampage  .   (no gloves)
Will    .....                   (no boots)
Stlth   +.........              (no amulet)
HPRegen 0.11/turn               (no ring)
MPRegen 0.09/turn               (no ring)

@: no status effects
A: no striking features
a: Renounce Religion, Sea of Fire, Foxfire Swarm, Rising Flame


You were on level 3 of the Dungeon.
You worshipped Ignis.
Ignis was greatly pleased with you.
You visited 1 branch of the dungeon, and saw 3 of its levels.

You collected 53 gold pieces.

Inventory:

Hand Weapons
 a - a -1 hand axe of flaming (weapon)
 d - a +0 war axe
   (You found it on level 2 of the Dungeon)
Armour
 b - a +0 robe (worn)
Scrolls
 c - a scroll of immolation {unknown}
 f - a scroll of holy word {unknown}
Potions
 e - a potion of haste {unknown}


   Skills:
 + Level 4.1 Fighting
 + Level 4.5 Axes
 - Level 1.2 Spellcasting
 - Level 3.5 Fire Magic


You had 4 spell levels left.
You didn't know any spells.
Your spell library contained the following spells:

 Spells                   Type           Power      Damage    Failure   Level
 Scorch                   Fire           20%        2d6       9%          2


Dungeon Overview and Level Annotations

Branches:
Dungeon (2/15)

Altars:


Message History

The foxfire hits the orc but does no damage.
The orc is heavily wounded.
The foxfire hits the orc but does no damage.
The orc is heavily wounded.
The foxfire hits the orc but does no damage.
The orc is heavily wounded.
The foxfire hits the orc but does no damage.
The orc is heavily wounded.
The foxfire hits the orc but does no damage.
The orc is heavily wounded.
The foxfire hits the orc.
The orc is severely wounded.
The foxfire hits the orc but does no damage.
The orc is severely wounded.
An orc comes into view. It is wielding a +0 club.
The orc shouts!
You hear a shout!
A worm comes into view.
Flames leap up around you!
The foxfire hits the orc.
The orc is heavily wounded.
The foxfire hits the orc but does no damage.
The orc is severely wounded.
The foxfire hits the orc but does no damage.
The orc is severely wounded.
The foxfire hits the orc.
The orc is heavily wounded.
The foxfire hits the orc but does no damage.
The orc is severely wounded.
The orc barely misses you. The orc hits you with a +0 mace.
* * * LOW HITPOINT WARNING * * *
You barely miss the orc.
The orc is heavily wounded.
The orc misses you. Fires begin to smoulder around you!
The orc barely misses you. The orc closely misses you.
The fire ignites! x5; Something smothers the flame.
The fire ignites! x9
You smother the flame.
The fire ignites! x4
Really walk into that cloud of flame?
You are engulfed in blazing flames.
You resist.
You die...

#.# #.# #.# #§# #§#
###§#######
#.§§§......
#.#§###### #.#@####
#.#.§§§##
##########.#o###.##
#..........o##....#
#.########o###.###.#
#..w...§§# #.# .#
#.######)# ..# .
##§.... .# .###≈ #


You could see 2 orcs.

Vanquished Creatures
  An adder (D:2)
  A worm (D:2)
  3 ball pythons (D:2)
  2 bats (D:1)
  An endoplasm (D:2)
  3 goblins
  A hobgoblin (D:2)
  A kobold (D:2)
  3 frilled lizards
  A rat (D:2)
17 creatures vanquished.

Vanquished Creatures (others)
  10 foxfires (D:3)
  9 plants (D:2)
19 creatures vanquished.

Grand Total: 36 creatures vanquished

Notes
Turn   | Place    | Note
-------+----------+-------------------------------------------
     0 | D:1      | varam the Hill Orc Cinder Acolyte began the quest for the
                  | Orb.
     0 | D:1      | Reached XP level 1. HP: 19/19 MP: 2/2
   176 | D:1      | You fall into a shaft and drop 1 floor!
   186 | D:2      | Reached XP level 2. HP: 19/27 MP: 3/3
   632 | D:2      | Reached XP level 3. HP: 33/33 MP: 4/4
   898 | D:2      | Found a faded altar of an unknown god.
   951 | D:2      | You fall into a shaft and drop 1 floor!
   995 | D:3      | Engulfed by a cloud of flame

Illustrated notes

Levels and vault maps discovered:
D:1:      nagdon_arrival_double_spiral, layout_rooms, st_stairs_12
D:2:      layout_basic, dilly_ecumenical_altar_fadedgnrine,
          amcnicky_mini_rare_corridor_liquid, nrook_campfire
D:3:      layout_loops_ring, grunt_decor_cap

Skill      XL: |  1  2 |
---------------+-------+-----
Fighting       | 4 |  4.1
Axes           | |  4.5
Spellcasting   | |  1.2
Fire Magic     | |  3.5

Action                   || total
-------------------------++-------
Melee: Hand axe          ||    55
       War axe           ||    10
Invok: Foxfire Swarm     ||     3
       Sea of Fire       ||     1
Armor: Robe              ||    20
Dodge: Dodged            ||    43

Table legend: (Time is in decaauts)
 A = Elapsed time spent in this place.
 B = Non-inter-level travel time spent in this place.
 C = Inter-level travel time spent in this place.
 D = Time resting spent in this place.
 E = Time spent auto-exploring this place.
 F = Levels seen in this place.
 G = Mean time per level.
                   A        B        C        D        E       F      G
               +--------+--------+--------+--------+--------+-----+--------+
         Total |   1007 |   1007 |      0 |    118 |    711 |   3 |  335.7 |
       Dungeon |   1007 |   1007 |      0 |    118 |    711 |   3 |  335.7 |
               +--------+--------+--------+--------+--------+-----+--------+

Top non-repeatable levels by time:
     D:2: 779 daAuts
     D:1: 183 daAuts
     D:3: 44 daAuts
